AoeStats
← _atheris_

Arabia

510405177Analyzed
1v1 RM · 1d ago on Sep 30, 2026· 25m 28s· 2 players
Game mode
Random Map
Map size
Tiny (2 player)
Population
200
Speed
Normal
Resources
Standard
Victory
Conquest
Starting age
Dark Age
Ending age
Imperial Age
RankedLock teamsTeams togetherTeam positionsShared explorationLock speedFull tech treeHidden civsTurbo modeCheats
Victory
Defeat
🇨🇱 Magyars · Chile
969
+15
🇳🇿 Vietnamese · New Zealand
956
-15
Soup
9:41 Feudal Age
8:24 Loom
24:01 Wheelbarrow
23:07 Horse Collar
23:20 Double-Bit Axe
_atheris_
10:43 Feudal Age
12:56 Man-at-Arms
19:19 Bloodlines
25:23 Castle Age
24:49 Horse Collar
25:24 Double-Bit Axe
Connection lost

Rejoining the realm…

Still unreachable

The connection could not be restored.

Session expired

The server has moved on; the page needs a fresh start.